 Dungeon Crawl Stone Soup version 0.17-a0-1510-gb3fb22e (webtiles) character file.

30 badblocks the Chopper (level 3, -1/29 HPs)
             Began as a Formicid Berserker on July 11, 2015.
             Was a Believer of Trog.
             Slain by Terence
             ... wielding a +1 flail of venom
              (4 damage)
             ... on level 2 of the Dungeon.
             The game lasted 00:03:45 (1656 turns).

badblocks the Chopper (Formicid Berserker)          Turns: 1656, Time: 00:03:46

Health: -1/29      AC:  8    Str: 22    XL:     3   Next: 37%
Magic:  3/3        EV:  8    Int:  6    God:    Trog [**....]
Gold:   56         SH:  0    Dex: 10    Spells: 0 memorised, 2 levels left

rFire  . . .     SeeInvis +     a - +0 hand axe
rCold  + . .     Clarity  .     m - +0 chain mail
rNeg   . . .     SustAt   .     (no shield)
rPois  .         Gourm    .     (helmet unavailable)
rElec  .         Spirit   .     (no cloak)
rCorr  .         Warding  .     (no gloves)
rMut   .         Stasis   +     (no boots)
MR     .....                    (no amulet)
Stlth  ..........               (no ring)
                                d - ring of protection from cold

@: confused, lethally poisoned (-1 -> -14), not resistant to hostile
enchantments, extremely unstealthy
A: permanent stasis, dig shafts and tunnels, four strong arms, antennae 3
a: Dig, Shaft Self, Burn Spellbooks, Trog's Hand, Renounce Religion


You were on level 2 of the Dungeon.
You worshipped Trog.
Trog was pleased with you.
You were hungry.

You visited 1 branch of the dungeon, and saw 2 of its levels.

You collected 56 gold pieces.

Inventory:

Hand weapons
 a - a +0 hand axe (weapon)
Missiles
 i - 6 exploding tomahawks (quivered)
Armour
 b - a +0 animal skin
 m - a +0 chain mail (worn)
Jewellery
 d - a ring of protection from cold (left hand)
Scrolls
 e - a scroll of blinking {unknown}
 l - a scroll of recharging {unknown}
 n - a scroll of fear {unknown}
Comestibles
 c - a bread ration
 g - a royal jelly
 j - a slice of pizza


   Skills:
 - Level 3.2 Fighting
 * Level 4.2 Axes
 + Level 2.2 Armour
 - Level 1.7 Dodging


You had 2 spell levels left.
You didn't know any spells.

Dungeon Overview and Level Annotations

Branches:
Dungeon (2/15)

Altars:

Annotations:
D:2 Terence


Innate Abilities, Weirdness & Mutations

You are under a permanent stasis effect.
You can dig through walls and to a lower floor.
Your four strong arms can wield two-handed weapons with a shield.
You have a pair of large antennae on your head (SInv).


Message History

You hit Terence but do no damage.
Terence is moderately wounded.
* * * LOW HITPOINT WARNING * * *
You feel sick. Terence hits you with a flail of venom.
* * * LOW HITPOINT WARNING * * *
You miss Terence.
Terence is moderately wounded.
* * * LOW HITPOINT WARNING * * *
You feel sick. Terence hits you but does no damage.
You are more poisoned.
* * * LOW HITPOINT WARNING * * *
You feel sick.
You're too confused!
You aren't carrying any potions.
* * * LOW HITPOINT WARNING * * *
You feel sick.
Terence says, "Rest in peace."
* * * LOW HITPOINT WARNING * * *
You feel sick. Terence hits you with a flail of venom.
You die...

....#.....$.... ...
...........
.!..#........##
...#.........## ..
.....#......#
....###...#......#
.................# #
#@.........# #.#. #
#.@........# #.#..#.
#..#.......# #.
#.#.#.#.#.....######
#.. #.#.#.###.#.†#
#..# .#.#.#....#..#
....# #.#.#†#####..#
#.#.# .#.#.#.......#
#..#.#.#.#.#.######.#


You could see Terence.

Vanquished Creatures
  A giant gecko (D:2)
  4 bats
  2 hobgoblins (D:1)
  6 kobolds (D:1)
  3 giant cockroaches
  2 giant newts (D:1)
  6 goblins (D:1)
  6 rats
30 creatures vanquished.

Notes
Turn   | Place    | Note
--------------------------------------------------------------
     0 | D:1      | badblocks the Formicid Berserker began the quest for the Orb.
     0 | D:1      | Reached XP level 1. HP: 18/18 MP: 1/1
   302 | D:1      | Reached XP level 2. HP: 4/24 MP: 2/2
  1254 | D:1      | Reached skill level 4 in Axes
  1254 | D:1      | Reached XP level 3. HP: 29/29 MP: 3/3
  1274 | D:1      | Acquired Trog's second power
  1591 | D:2      | Noticed Terence
  1656 | D:2      | Slain by Terence

Vault maps used:
D:1:      minmay_arrival_jagged, minmay_misc_feat_diagonals
D:2:      gammafunk_temple_overflow_wave, minivault_23, uniq_jessica,
          uniq_terence

Action                   || total
-------------------------++-------
Melee: Hand axe          ||   106
Invok: Trog's Hand       ||     1
  Use: Potion            ||     3
       Scroll            ||     1
  Eat: Chunk             ||     2
